 Dungeon Crawl Stone Soup version 0.28-a0-114-g2bf3c13a2f (webtiles) character file.

Game seed: 12623108000220706155

8946 ipx the Nimble (level 11, -3/60 HPs)
             Began as a Deep Elf Ice Elementalist on Aug 12, 2021.
             Was a Believer of Ashenzari.
             Slain by a five-headed hydra (7 damage)
             ... on level 11 of the Dungeon.
             The game lasted 01:13:45 (3758 turns).

ipx the Nimble (Deep Elf Ice Elementalist)          Turns: 3758, Time: 01:13:46

Health: -3/60      AC:  6    Str:  5    XL:     11   Next: 16%
Magic:  13/23      EV: 18    Int: 24    God:    Ashenzari [**....]
Gold:   316        SH:  0    Dex: 15    Spells: 1/24 levels left

rFire   + . .      SeeInvis +   a - +6 dagger "Demon's Bane" {freeze, rF+ rC+ rN+ Stlth-}
rCold   + . .      Faith    .   (no shield)
rNeg    + . .      Spirit   .   m - +0 robe
rPois   .          Reflect  .   b - +0 helmet of Ashenzari's Dismay {Alch, Cun} (curse)
rElec   .          Harm     .   g - +1 cloak "Shackled Together" {Range, Melee} (curse)
rCorr   .          Rampage  .   t - +0 pair of gloves "Share My Sorrow" {Bglg, Fort} (curse)
Will    +....                   (no boots)
Stlth   +++.......              (no amulet)
HPRegen 0.20/turn               w - ring of wizardry
MPRegen 0.18/turn               (no ring)

@: slowed, very slow
A: no striking features
a: Renounce Religion, Shatter the Chains


You were on level 11 of the Dungeon.
You worshipped Ashenzari.
Ashenzari was pleased with you.
You visited 2 branches of the dungeon, and saw 13 of its levels.
You also visited: Bailey.

You collected 446 gold pieces.
You spent 130 gold pieces at shops.

Inventory:

Hand Weapons
 a - the +6 dagger "Demon's Bane" (weapon) {freeze, rF+ rC+ rN+ Stlth-}
   (You found it on level 6 of the Dungeon)

   It freezes those it strikes, dealing additional cold damage.
   It can also slow down cold-blooded creatures.
   rF:        It protects you from fire.
   rC:        It protects you from cold.
   rN:        It protects you from negative energy.
   Stlth:     It makes you less stealthy.
Missiles
 y - a throwing net (quivered)
Armour
 b - the cursed +0 helmet of Ashenzari's Dismay (worn) {Alch, Cun}
   (You found it on level 10 of the Dungeon)

   It has a curse which improves the following skills: Alchemy: Poison Magic and
   Transmutations.
   Cunning:   Dodging and Stealth.
 g - the cursed +1 cloak "Shackled Together" (worn) {Range, Melee}
   (You found it on level 6 of the Dungeon)

   It has a curse which improves the following skills: Ranged Combat: Slings,
   Bows, Crossbows and Throwing.
   Melee Combat: Short Blades, Long Blades, Axes, Maces & Flails, Polearms,
   Staves and Unarmed Combat.
 m - a +0 robe (worn)
 q - a +0 troll leather armour
 t - the cursed +0 pair of gloves "Share My Sorrow" (worn) {Bglg, Fort}
   (You found it on level 4 of the Dungeon)

   It has a curse which improves the following skills: Beguiling: Conjurations,
   Hexes and Translocations.
   Fortitude: Armour and Shields.
Magical Staves
 n - a staff of air
Jewellery
 w - a ring of wizardry (left hand)
Wands
 h - a wand of acid (1)
 B - a wand of flame (21)
Scrolls
 c - 2 scrolls of noise
 e - a scroll of enchant armour
 i - 2 scrolls of silence
 j - a scroll of amnesia
 k - 2 scrolls of fog
 o - a scroll of vulnerability
 p - a scroll of holy word
 r - 2 scrolls of teleportation
 s - a scroll of fear
 u - a scroll of magic mapping
 W - 2 scrolls of immolation
Potions
 d - 2 potions of invisibility
 f - a potion of ambrosia
 l - a potion of mutation
 x - a potion of resistance
 z - a potion of berserk rage
 C - a potion of brilliance


   Skills:
 - Level 3.0 Fighting
 + Level 7.1(8.6) Short Blades
 - Level 10.0(11.3) Dodging
 - Level 6.0(7.4) Stealth
 - Level 7.0 Spellcasting
 - Level 6.4(7.9) Conjurations
 + Level 5.2(6.7) Hexes
 - Level 7.0 Necromancy
 - Level 1.7(2.8) Translocations
 - Level 7.0 Ice Magic
 - Level 4.0 Evocations


You had one spell level left.
You knew the following spells:

 Your Spells              Type           Power      Damage    Failure   Level
a - Apportation           Tloc           44%        N/A       1%          1
e - Dispel Undead         Necr           42%        3d17      1%          4
h - Hailstorm             Conj/Ice       44%        3d10      1%          4
k - Animate Skeleton      Necr           84%        N/A       1%          1
m - Mephitic Cloud        Conj/Pois/Air  21%        N/A       2%          3
o - Ozocubu's Armour      Ice            42%        N/A       1%          3
r - Frozen Ramparts       Ice            84%        1d10      1%          3
t - Confusing Touch       Hex            40%        N/A       1%          3
z - Freeze                Ice            100%       1d11      1%          1

Your spell library contained the following spells:

 Spells                   Type           Power      Damage    Failure   Level
 Corona                   Hex            44%        N/A       1%          1
 Magic Dart               Conj           100%       1d8       1%          1
 Summon Small Mammal      Summ           32%        N/A       2%          1
 Corpse Rot               Necr/Air       N/A        N/A       1%          2
 Slow                     Hex            40%        N/A       1%          2
 Summon Guardian Golem    Hex/Summ       24%        N/A       2%          3
 Call Imp                 Summ           8%         N/A       4%          2
 Call Canine Familiar     Summ           8%         N/A       9%          3
 Yara's Violent Unravell  Hex/Tmut       12%        3d7       19%         5
 Death Channel            Necr           21%        N/A       24%         6


Dungeon Overview and Level Annotations

Branches:
Dungeon (12/15)            Temple (1/1) D:4            Lair (0/6) D:9
 Bailey (visited)
    Orc: D:9-12

Altars:
Ashenzari
Cheibriados
Dithmenos
Gozag
Makhleb
Nemelex Xobeh
Okawaru
Ru
Trog
Uskayaw
Vehumet
Wu Jian
Xom
Yredelemnul
Zin
The Shining One

Shops:
D:6 [![

Annotations:
D:5 exclusion: downstairs
D:7 exclusion: downstairs
D:8 exclusion: downstairs
D:10 2 transporters, DEFE's ghost, journeyman SpFi


Message History

You hear a shout!
You hear a roar!
Okay, then.
Unknown command.
You feel much better.
You feel very sick.
A kobold demonologist comes into view. It is wielding a +0 dagger.
The kobold demonologist moves out of view.
Your icy armour will break if you move.
Continue?
Okay, then.
Your icy armour will break if you move.
Continue?
Your icy armour cracks and falls away as you move.
A hydra and a kobold brigand come into view.
The kobold brigand is wielding a staff of poison and quivering poisoned darts.
You feel very sick.
A kobold comes into view. It is wielding a +0 club.
Things that are here:
a +0 troll leather armour; a throwing net; a troll corpse
q - a +0 troll leather armour You feel sick.
A kobold demonologist comes into view. It is wielding a +0 hand axe.
You feel sick. The kobold misses you.
You feel sick. The kobold hits you but does no damage.
You feel sick.
You are no longer poisoned.
The kobold demonologist gestures wildly while chanting.
You hear a shout!
As you read the scroll of fear, it crumbles to dust.
You assume a fearsome visage.
The five-headed hydra resists with some effort.
The smoke demon is unaffected.
The kobold demonologist looks frightened!
The kobold looks frightened! x2; The kobold brigand looks frightened!
The five-headed hydra barely misses you.
The five-headed hydra closely misses you.
The five-headed hydra bites you! x2
* * * LOW HITPOINT WARNING * * *
The five-headed hydra bites you!
* * * LOW HITPOINT WARNING * * *
The five-headed hydra bites you!
You die...

.................................
........................>........
.[..........######...........####
............######)..........#
.)..........<................####
.)...............................
.))......######..............####
######...######..#########...####
................@#########.......
................D....3K..........
...................(KK..).K.....(
...........#######.K#######...###
...........# #..# #...#
...........# **#..# #...###
...........). , ,...# ###......
.............. ....., ..........
####.......... .................


You could see a five-headed hydra, a kobold demonologist, a smoke demon
(summoned), a kobold brigand (fleeing) and 2 kobolds.

Vanquished Creatures
  Harold (D:7)
  A centaur warrior (D:10)
  A two-headed ogre (D:9)
  2 orc knights
  A manticore (D:11)
  2 centaur zombies
  An unseen horror (D:11)
  2 trolls
  A shadow (D:11)
  A wraith (D:11)
  6 yaks (D:9)
  2 wyverns (D:10)
  2 wargs
  Menkaure (D:7)
  2 orc warriors (D:9)
  2 ogres (D:6)
  2 necrophages (D:6)
  2 centaurs (D:9)
  A phantom (D:5)
  4 bullfrogs
  4 kobold brigands
  2 scorpions
  6 killer bees
  A water moccasin skeleton (D:5)
  A howler monkey (D:5)
  A hound (D:6)
  7 orc priests
  A centaur skeleton (D:6)
  9 orc wizards
  A howler monkey zombie (D:9)
  2 adders
  A shadow imp (D:5)
  An ufetubus (D:4)
  4 dart slugs
  4 worms
  26 orcs
  6 ball pythons
  A bat (D:2)
  5 endoplasms
  3 giant cockroaches
  15 goblins
  3 hobgoblins
  2 jackals (D:2)
  19 kobolds
  4 quokkas
  2 frilled lizards (D:2)
  4 rats
172 creatures vanquished.

Vanquished Creatures (collateral kills)
  A wyvern (D:9)
  A killer bee (D:9)
  A centaur zombie (D:9)
3 creatures vanquished.

Vanquished Creatures (others)
  A plant (D:9)
1 creature vanquished.

Grand Total: 176 creatures vanquished

Notes
Turn   | Place    | Note
-------+----------+-------------------------------------------
     0 | D:1      | ipx the Deep Elf Ice Elementalist began the quest for the
                  | Orb.
     0 | D:1      | Reached XP level 1. HP: 10/10 MP: 6/6
   134 | D:1      | Reached XP level 2. HP: 13/15 MP: 1/8
   189 | D:2      | Reached skill level 5 in Ice Magic
   263 | D:2      | Learned a level 1 spell: Animate Skeleton
   304 | D:2      | Reached XP level 3. HP: 15/19 MP: 5/9
   391 | D:2      | Learned a level 3 spell: Ozocubu's Armour
   395 | D:2      | Learned a level 3 spell: Frozen Ramparts
   666 | D:3      | Found a glowing silver altar of Zin.
   716 | D:4      | Reached skill level 1 in Necromancy
   716 | D:4      | Reached XP level 4. HP: 19/24 MP: 2/11
   763 | D:2      | Found a faded altar of an unknown god.
   902 | D:5      | Entered Level 5 of the Dungeon
   929 | D:6      | Found Lahucw's Antique Armour Emporium.
   929 | D:6      | Noticed a scorpion
   929 | D:6      | Noticed an ogre
  1047 | D:4      | Learned a level 1 spell: Apportation
  1059 | D:4      | Reached XP level 5. HP: 21/28 MP: 6/13
  1157 | D:4      | Found a staircase to the Ecumenical Temple.
  1229 | Temple   | Entered the Ecumenical Temple
  1351 | Temple   | Became a worshipper of Ashenzari the Shackled
  1405 | D:4      | Reached skill level 1 in Translocations
  1479 | D:5      | Learned a level 4 spell: Dispel Undead
  1519 | D:5      | Noticed a phantom
  1536 | D:5      | Killed a phantom
  1537 | D:5      | Reached skill level 5 in Spellcasting
  1537 | D:5      | Reached XP level 6. HP: 30/32 MP: 6/15
  1711 | D:5      | Found a glowing golden altar of the Shining One.
  1745 | D:6      | Reached skill level 5 in Necromancy
  1745 | D:6      | Reached XP level 7. HP: 29/36 MP: 8/16
  1821 | D:6      | Identified the +6 dagger "Demon's Bane" {freeze, rF+ rC+
                  | rN+ Stlth-}
  1866 | D:6      | Found Erhuorie's Armour Shop.
  1866 | D:6      | Found Gadethif's Distillery.
  1883 | D:6      | Bought a potion of heal wounds for 65 gold pieces
  1883 | D:6      | Bought a potion of heal wounds for 65 gold pieces
  1955 | D:6      | Reached skill level 5 in Dodging
  1955 | D:6      | Reached XP level 8. HP: 29/41 MP: 0/19
  2018 | D:6      | Reached skill level 1 in Evocations
  2060 | D:7      | Reached skill level 6 in Dodging
  2107 | D:7      | Noticed Menkaure
  2121 | D:7      | Killed Menkaure
  2131 | D:7      | Noticed Harold
  2145 | D:7      | Killed Harold
  2146 | D:7      | Reached skill level 9 in Dodging
  2146 | D:7      | Reached XP level 9. HP: 22/45 MP: 4/20
  2162 | D:7      | Found a flagged portal.
  2216 | Bailey   | Entered a bailey
  2222 | Bailey   | Learned a level 4 spell: Hailstorm
  2226 | Bailey   | Learned a level 3 spell: Mephitic Cloud
  2261 | Bailey   | Noticed an orc knight
  2282 | Bailey   | Killed an orc knight
  2414 | D:9      | Found a staircase to the Lair.
  2417 | D:9      | Reached skill level 10 in Dodging
  2584 | D:8      | Reached skill level 5 in Conjurations
  2614 | D:8      | Found a radiant altar of Vehumet.
  2681 | D:10     | Entered Level 10 of the Dungeon
  2726 | D:10     | Reached skill level 1 in Fighting
  2732 | D:10     | Reached XP level 10. HP: 34/54 MP: 4/21
  2820 | D:9      | Reached * piety under Ashenzari
  2841 | D:9      | Noticed a two-headed ogre
  2850 | D:9      | Killed a two-headed ogre
  2851 | D:9      | Reached skill level 1 in Short Blades
  3000 | D:9      | Reached skill level 5 in Stealth
  3141 | D:10     | Noticed a centaur warrior
  3146 | D:10     | Killed a centaur warrior
  3147 | D:10     | Reached skill level 5 in Short Blades
  3151 | D:10     | Learned a level 3 spell: Confusing Touch
  3192 | D:10     | Reached skill level 1 in Hexes
  3322 | D:11     | Noticed a manticore
  3339 | D:11     | Killed a manticore
  3415 | D:10     | Found a transporter.
  3418 | D:10     | Noticed DEFE's ghost (journeyman SpFi)
  3444 | D:10     | Found a transporter.
  3458 | D:10     | Noticed a catoblepas
  3503 | D:10     | Reached XP level 11. HP: 16/60 MP: 10/23
  3606 | D:11     | Reached ** piety under Ashenzari
  3684 | D:11     | Noticed an orc knight
  3699 | D:11     | Killed an orc knight
  3749 | D:11     | Reached skill level 5 in Hexes
  3753 | D:11     | Noticed a five-headed hydra
  3758 | D:11     | Slain by a five-headed hydra

Illustrated notes

Levels and vault maps discovered:
D:1:      lightli_arrival_chessboard, layout_basic
D:2:      minmay_spotlight, layout_rooms, hellmonk_ecumenical_altar_blasted,
          corexii_hall_statues_t
D:3:      layout_rooms, minitemple, lemuel_tele_altar, minmay_door_square
D:4:      layout_loops_ring, minmay_temple_entry_large_hall
D:5:      layout_basic, kennysheep_little_box, minivault_4
D:6:      layout_cave_pools, led_sif_pool,
          chequers_temple_overflow_statue_of_worship, serial_shops, shop,
          nicolae_shop_waterfront, shop
D:7:      layout_layer_cave, enter_bailey_5, uniq_duvessa, uniq_harold,
          uniq_menkaure, uniq_prince_ribbit1
D:8:      layout_rooms, general_overflow_altar
D:9:      layout_basic, erik_lair_orcish_takeover, serial_shops, shop
D:10:     layout_loops_cross, gammafunk_ghost_stat_death,
          kennysheep_generic_room_3
D:11:     minmay_bloctagon_deflated, layout_long_grid
D:12:     layout_loops_corners, orc_0_dummy, serial_shops, nicolae_square_shop,
          minmay_the_grid_2x2 [minmay_the_grid_small_cups,
          minmay_the_grid_gridbox, minmay_the_grid_armoury,
          minmay_the_grid_prize_four_corners_diamond_a], uniq_jorgrun,
          uniq_maurice, uniq_nessos, uniq_snorg
Temple:   oiseaux_autumnal_temple

Skill      XL: |  1  2  3  4  5  6  7  8  9 10 11 |
---------------+----------------------------------+-----
Ice Magic      | 5 6 7 |  7.0
Necromancy     | 1 2 5 7 |  7.0
Spellcasting   | 4 5 6 7 |  7.0
Translocations | 1 |  1.7
Dodging        | 5 9 10 | 10.0
Evocations     | 4 |  4.0
Conjurations   | 6 |  6.4
Fighting       | 2 3 |  3.0
Short Blades   | 6 7 |  7.1
Stealth        | 6 |  6.0
Hexes          | 3 5 |  5.2

Action                   |  1- 3 |  4- 6 |  7- 9 | 10-12 || total
-------------------------+-------+-------+-------+-------++-------
Melee: Falchion          |       |    17 |    16 |     2 ||    35
       Hand axe          |       |    10 |     2 |       ||    12
       Dagger            |       |       |     9 |    31 ||    40
       Trident           |       |       |     9 |    12 ||    21
Throw: Dart              |     8 |    16 |    11 |     3 ||    38
       Throwing net      |       |       |       |     2 ||     2
 Cast: Freeze            |    54 |    28 |    26 |     8 ||   116
       Animate Skeleton  |     5 |       |       |     4 ||     9
       Frozen Ramparts   |     1 |    10 |    12 |    12 ||    35
       Ozocubu's Armour  |       |     9 |    13 |    13 ||    35
       Dispel Undead     |       |     1 |     6 |     4 ||    11
       Apportation       |       |       |     1 |     7 ||     8
       Hailstorm         |       |       |     6 |     7 ||    13
       Mephitic Cloud    |       |       |     1 |       ||     1
       Confusing Touch   |       |       |       |     3 ||     3
Invok: Curse Item        |       |       |     1 |     2 ||     3
Evoke: Wand              |       |       |    10 |    17 ||    27
  Use: Potion            |       |       |     5 |     1 ||     6
       Scroll            |       |       |       |     1 ||     1
 Stab: Invisible         |       |       |     1 |       ||     1
       Confused          |       |       |       |     2 ||     2
       Sleeping          |       |       |       |     1 ||     1
       Held in net/web   |       |       |       |     1 ||     1
Armor: Robe              |     4 |    11 |    40 |    21 ||    76
Dodge: Dodged            |    10 |    32 |    78 |    65 ||   185
       Rpst.: Falchion   |       |     7 |     7 |       ||    14

Table legend: (Time is in decaauts)
 A = Elapsed time spent in this place.
 B = Non-inter-level travel time spent in this place.
 C = Inter-level travel time spent in this place.
 D = Time resting spent in this place.
 E = Time spent auto-exploring this place.
 F = Levels seen in this place.
 G = Mean time per level.
                   A        B        C        D        E       F      G
               +--------+--------+--------+--------+--------+-----+--------+
         Total |   3906 |   3843 |     63 |      0 |      0 |  14 |  279.0 |
       Dungeon |   3663 |   3636 |     27 |      0 |      0 |  12 |  305.2 |
        Temple |    167 |    131 |     36 |      0 |      0 |   1 |  167.0 |
        Bailey |     75 |     75 |      0 |      0 |      0 |   1 |   75.0 |
               +--------+--------+--------+--------+--------+-----+--------+

Top non-repeatable levels by time:
    D:10: 407 daAuts
    D:11: 395 daAuts
     D:9: 390 daAuts
     D:4: 385 daAuts
     D:2: 379 daAuts
     D:5: 361 daAuts
     D:8: 314 daAuts
     D:6: 288 daAuts
     D:3: 286 daAuts
     D:7: 239 daAuts
     D:1: 212 daAuts
  Temple: 167 daAuts
  Bailey: 75 daAuts
    D:12: 1 daAuts
